 Dungeon Crawl Stone Soup version 0.22-a0-825-ga28c36f (webtiles) character file.

339083 Treefire the Eclecticist (level 21, -13/135 HPs)
             Began as a Deep Elf Fire Elementalist on July 19, 2018.
             Was the Champion of Vehumet.
             Mangled by an ettin
             ... wielding a +0 dire flail
              (34 damage)
             ... while paralysed by a floating eye
             ... on level 3 of the Depths on July 24, 2018.
             The game lasted 05:49:19 (79658 turns).

Treefire the Eclecticist (DEFE)                    Turns: 79658, Time: 05:49:19

Health: -13/135    AC: 16    Str:  6    XL:     21   Next: 4%
Magic:  23/56      EV:  2    Int: 35    God:    Vehumet [******]
Gold:   1257       SH:  0    Dex: 15    Spells: 3/60 levels left

rFire    + . .     SeeInvis +   y - staff of wizardry
rCold    . . .     Gourm    .   N - +0 buckler "Urghiotso" {MR+}
rNeg     . . .     Faith    .   I - +1 ring mail {rF+}
rPois    .         Spirit   .   F - +2 helmet {SInv}
rElec    .         Reflect  +   e - +0 cloak
rCorr    .         Harm     .   P - +2 pair of gloves
MR       +++..                  R - +0 pair of boots
Stlth    +.........             i - +4 amulet of reflection
HPRegen  0.32/turn              o - ring of magical power
MPRegen  0.35/turn              Y - +5 ring of intelligence

@: paralysed
A: no striking features
}: 2/15 runes: serpentine, barnacled
a: Renounce Religion


You were on level 3 of the Depths.
You worshipped Vehumet.
Vehumet was exalted by your worship.
You were very hungry.

You visited 7 branches of the dungeon, and saw 38 of its levels.
You visited 2 bazaars.

You collected 4332 gold pieces.
You spent 3075 gold pieces at shops.

Inventory:

Hand Weapons
 a - a +1 whip of electrocution
 b - a +7 longbow of freezing
 u - a +5 demon trident of electrocution
 D - the +4 longbow of Oraepneini {speed, *Drain rPois Str+2 SInv}
   (You bought it in a shop on level 2 of the Orcish Mines)

   Attacks with this weapon are significantly faster.
   It affects your strength (+2).
   It protects you from poison.
   It lets you see invisible.
   It causes draining when unequipped.
Missiles
 g - 1361 stones (quivered)
 t - 1055 arrows
Armour
 e - a +0 cloak (worn)
 s - a +2 robe of fire resistance
 F - a +2 helmet of see invisible (worn)
 I - a +1 ring mail of fire resistance (worn)
 N - the +0 buckler "Urghiotso" (worn) {MR+}
   (You took it off a merfolk on level 3 of the Shoals)

   It affects your resistance to hostile enchantments.
 P - a +2 pair of gloves (worn)
 R - a +0 pair of boots (worn)
 U - a +0 buckler of protection
Magical Staves
 j - an uncursed staff of earth
 n - an uncursed staff of cold
 y - an uncursed staff of wizardry (weapon)
 C - an uncursed staff of fire
Jewellery
 i - a +4 amulet of reflection (around neck)
 o - a ring of magical power (left hand)
 r - an uncursed ring of protection from fire
 Y - a +5 ring of intelligence (right hand)
Wands
 k - a wand of polymorph (12)
 B - a wand of paralysis (11)
 G - a wand of acid (25)
 L - a wand of digging (23)
 S - a wand of iceblast (10)
 W - a wand of enslavement (43)
 Z - a wand of clouds (13)
Scrolls
 f - a scroll of silence
 m - 21 scrolls of remove curse
 q - 3 scrolls of fog
 v - 7 scrolls of teleportation
 E - 2 scrolls of fear
 H - 6 scrolls of magic mapping
 O - 4 scrolls of identify
 X - a scroll of blinking
Potions
 d - 5 potions of invisibility
 h - 4 potions of heal wounds
 l - 6 potions of agility
 w - 2 potions of might
 x - 2 potions of magic
 z - 5 potions of flight
 A - 7 potions of curing
 J - 2 potions of berserk rage
 K - 5 potions of brilliance
 M - 4 potions of resistance
 Q - 6 potions of haste
 T - 3 potions of cancellation
Miscellaneous
 p - a fan of gales
 V - a crystal ball of energy
Comestibles
 c - 49 rations


   Skills:
 * Level 15.4 Fighting
 - Level 6.8 Armour
 + Level 18.5 Dodging
 - Level 2.4 Stealth
 - Level 4.0 Shields
 - Level 20.0 Spellcasting
 + Level 19.2 Conjurations
 - Level 5.5 Hexes
 - Level 4.0 Charms
 - Level 8.0 Translocations
 + Level 14.2 Fire Magic


You had 3 spell levels left.
You knew the following spells:

 Your Spells              Type           Power        Failure   Level  Hunger
a - Flame Tongue          Conj/Fire      #####        0%          1    None
b - Throw Flame           Conj/Fire      ######       0%          2    None
c - Conjure Flame         Conj/Fire      ########     0%          3    None
d - Sticky Flame          Conj/Fire      ########     1%          4    None
e - Fireball              Conj/Fire      ########..   1%          5    None
f - Iron Shot             Conj/Erth      #######...   1%          6    None
g - Fire Storm            Conj/Fire      ########..   30%         9    #####..
h - Mephitic Cloud        Conj/Pois/Air  ######..     1%          3    None
i - Orb of Destruction    Conj           ########..   1%          7    None
j - Apportation           Tloc           ######       1%          1    None
k - Passage of Golubria   Tloc           N/A          1%          4    None
l - Bolt of Fire          Conj/Fire      ########..   1%          6    None
m - Swiftness             Chrm/Air       #####...     1%          2    None
n - Cause Fear            Hex            ######....   1%          4    None

Your spell library contained the following spells:

 Spells                   Type           Power        Failure   Level  Hunger
 Magic Dart               Conj           ####         0%          1    None
 Lightning Bolt           Conj/Air       #######...   1%          5    None
 Bolt of Magma            Conj/Fire/Erth #######...   1%          5    None
 Confuse                  Hex            ######..     1%          3    None
 Invisibility             Hex            ######..     17%         6    None
 Freezing Cloud           Conj/Ice/Air   ######....   4%          6    None
 Ring of Flames           Chrm/Fire      #######...   22%         7    None
 Venom Bolt               Conj/Pois      #######...   1%          5    None
 Summon Small Mammal      Summ           ####         1%          1    None
 Bolt of Draining         Conj/Necr      #######...   1%          5    None
 Iskenderun's Mystic Bla  Conj           ########     0%          4    None
 Animate Skeleton         Necr           N/A          1%          1    None
 Summon Ice Beast         Ice/Summ       #####...     12%         4    None
 Dispel Undead            Necr           #####...     30%         5    None
 Sublimation of Blood     Necr           #####.....   1%          2    None
 Tukima's Dance           Hex            ######..     1%          3    None
 Corpse Rot               Necr           N/A          1%          2    None
 Stone Arrow              Conj/Erth      ######       1%          3    None
 Agony                    Necr           #####...     30%         5    None
 Dragon Form              Tmut           #####.....   100%        7    None
 Deflect Missiles         Chrm/Air       #####.....   56%         6    None
 Confusing Touch          Hex            ######       1%          1    None
 Passwall                 Tmut/Erth      #####...     1%          2    None
 Call Canine Familiar     Summ           #####...     3%          3    None
 Ensorcelled Hibernation  Hex/Ice        ######       1%          2    None
 Metabolic Englaciation   Hex/Ice        ######....   11%         5    None
 Summon Butterflies       Summ           #####...     1%          1    None
 Silence                  Hex/Air        ######....   11%         5    None
 Shatter                  Erth           #####.....   100%        9    #####..
 Static Discharge         Conj/Air       #######.     1%          3    None
 Corona                   Hex            ######.      1%          1    None
 Alistair's Intoxication  Tmut/Pois      #####...     30%         5    None
 Lee's Rapid Deconstruct  Erth           #####.....   9%          5    None
 Sandblast                Erth           #####.       1%          1    None
 Excruciating Wounds      Chrm/Necr      #####.....   14%         5    None
 Petrify                  Tmut/Erth      #####...     12%         4    None
 Tornado                  Air            #####.....   100%        9    #####..
 Summon Hydra             Summ           #####.....   100%        7    None
 Darkness                 Hex            ######....   17%         6    None
 Inner Flame              Hex/Fire       #######.     1%          3    None
 Iskenderun's Battlesphe  Conj/Chrm      #######.     1%          5    None
 Fulminant Prism          Conj/Hex       #######...   1%          4    None
 Dazzling Spray           Conj/Hex       ######       1%          3    None
 Force Lance              Conj/Tloc      #######.     1%          4    None
 Searing Ray              Conj           ######       0%          2    None
 Discord                  Hex            ######....   99%         8    ####...
 Dragon's Call            Summ           #####.....   100%        9    #####..
 Spellforged Servitor     Conj/Summ      #######...   5%          7    None
 Summon Mana Viper        Hex/Summ       ######..     11%         5    None
 Yara's Violent Unravell  Hex/Tmut       ######....   3%          5    None
 Lesser Beckoning         Tloc           ######....   1%          3    None
 Poisonous Vapours        Pois/Air       #####.       1%          2    None
 Ignition                 Fire           #######...   7%          8    ####...


Dungeon Overview and Level Annotations

Branches:
Dungeon (15/15)            Temple (0/1) D:5            Lair (6/6) D:9
 Shoals (4/4) Lair:4        Snake (4/4) Lair:2        Slime (0/5) Lair:5
    Orc (2/2) D:11            Elf (0/3) Orc:2        Vaults (4/5) D:13
  Crypt (0/3) Vaults:2     Depths (3/5) D:15

Altars:
Ashenzari
Cheibriados
Dithmenos
Fedhas
Gozag
Kikubaaqudgha
Makhleb
Nemelex Xobeh
Okawaru
Ru
Trog
Vehumet
Wu Jian
Xom
Yredelemnul
The Shining One
Beogh
Jiyva

Shops:
D:4 =   D:9 (   Orc:2 ([%(   Shoals:1 *   Shoals:4 [   Snake:4 }}=   Vaults:1 !

Portals:
Hell: Depths:1 Depths:2 Depths:3
Abyss: Depths:2

Annotations:
D:5 1 runed door, Aviak's ghost, amateur HOFi
D:13 2 transporters, melvinkitnick's ghost, journeyman MiFi
Lair:2 1 runed door, Depyiwoq's ghost, journeyman TrEE
Lair:5 exclusion: 2 oklob plants


Message History

The two-headed ogre burns!
You kill the two-headed ogre!
Vehumet accepts your kill.
You feel your power returning.
A deep troll earth mage comes into view.
You hear a deafening roar!
You hear a shout!
The golden eye turns its gaze towards you.
You hear a shout!
A deep troll shaman comes into view.
The yaktaur captain wields a glowing arbalest.
It bursts into flame!
The yaktaur captain shoots a bolt.
The bolt hits you!! The bolt burns you. The golden eye blinks at you.
You resist with almost no effort.
The floating eye's stare focuses on you.
The golden eye blinks at you. You resist with almost no effort.
The ettin hits you with a dire flail!!!
* * * LOW HITPOINT WARNING * * *
The ettin hits you with a dire flail!!
You die...

..........≈≈≈≈
##.T...........
.......T....O..
...T..[....O...
........)......
.........?G....
.......$.......
.......@G......
.......C.......
≈≈≈≈...........
≈≈≈............
≈≈≈§..#########
≈≈.§.. .c.≈.§
.≈≈≈§≈


You could see a yaktaur captain, an ettin, a two-headed ogre, 2 deep troll earth
magi, a deep troll shaman, an ogre, a floating eye and a golden eye.

Vanquished Creatures
  A greater mummy (Depths:2)
  Sojobo (Depths:2)
  Saint Roka (Orc:2)
  Jorgrun (Shoals:3)
  A lich (Depths:1)
  Polyphemus (Shoals:2)
  Donald (Vaults:1)
  2 sphinxes
  2 tengu reavers (Depths:2)
  2 fire giants
  A frost giant (Vaults:3)
  6 nagarajas (Snake:4)
  7 vault wardens
  A caustic shrike zombie (Depths:2)
  2 deep elf sorcerers
  Louise (D:15)
  An orc warlord (Orc:2)
  A ghost moth (shapeshifter) (Vaults:2)
  9 very ugly things
  8 ironheart preservers
  5 stone giants
  A vampire knight (Depths:2)
  A deep elf demonologist (Vaults:1)
  2 merfolk javelineers
  8 merfolk impalers
  4 ettins
  3 fire dragons
  2 deep elf death magi
  3 great orbs of eyes
  20 naga warriors
  7 hydras
  5 yaktaur captains
  Harold (D:11)
  2 vault guards (Vaults:4)
  3 rakshasas (Vaults:3)
  8 centaur warriors
  An anaconda (shapeshifter) (D:15)
  2 catoblepae
  A death knight (Vaults:3)
  2 satyrs (Shoals:4)
  2 ice dragons
  35 two-headed ogres
  11 ogre magi
  4 deep troll earth magi
  5 alligator snapping turtles
  5 deep troll shamans
  8 anacondas
  7 merfolk avatars
  2 tengu warriors
  3 orc high priests (Orc:2)
  8 death yaks
  2 merfolk aquamancers
  2 vampire magi (Depths:2)
  Nergalle (Lair:3)
  A deep elf knight (Vaults:1)
  5 shock serpents
  12 naga sharpshooters
  A storm dragon zombie (Depths:2)
  2 salamander mystics (Snake:4)
  6 unseen horrors
  2 spark wasp zombies (Depths:2)
  14 deep trolls
  A shadow wraith (Vaults:3)
  A flayed ghost (Vaults:3)
  A golden dragon zombie (Depths:2)
  2 glowing orange brains
  A deep troll (shapeshifter) (D:13)
  11 sea snakes
  8 naga ritualists
  5 wizards
  11 ironbrand convokers
  A kraken simulacrum (Shoals:4)
  6 deep elf archers
  14 harpies
  An obsidian statue (Orc:2)
  A harpy (shapeshifter) (D:13)
  3 necromancers
  23 ugly things
  2 fire giant zombies (Depths:2)
  11 orc knights
  11 deep elf magi
  10 mana vipers
  3 wolf spiders
  9 cyclopes
  3 fauns (Shoals:4)
  2 frost giant zombies (Depths:2)
  20 elephants
  A manticore (shapeshifter) (D:13)
  4 orc sorcerers
  12 manticores
  15 salamanders
  2 black mambas (shapeshifter)
  34 black mambas
  A water nymph (Shoals:4)
  14 vault sentinels
  28 naga magi
  A gargoyle (D:14)
  6 centaur zombies
  3 centaur skeletons (D:15)
  6 guardian serpents
  4 torpor snails (Lair:6)
  15 spiny frogs
  6 merfolk sirens
  A titan simulacrum (Vaults:4)
  A spark wasp simulacrum (Depths:2)
  A spriggan skeleton (Depths:2)
  8 komodo dragons
  39 yaktaurs
  A freezing wraith (Vaults:4)
  3 rime drakes
  A komodo dragon (shapeshifter) (Depths:2)
  2 kobold demonologists (D:12)
  An efreet (D:13)
  A troll (shapeshifter) (Vaults:2)
  3 guardian mummies (Depths:2)
  22 merfolk
  3 tengu conjurers
  A harpy zombie (D:15)
  13 trolls
  7 hornets
  A queen bee (D:9)
  A wolf spider simulacrum (D:15)
  7 wind drakes
  A wind drake (shapeshifter) (D:15)
  14 hippogriffs
  2 polar bears (Lair:5)
  35 slime creatures
  A spriggan zombie (Depths:2)
  13 blink frogs
  An ettin zombie (Depths:2)
  7 snapping turtles
  Sigmund (D:6)
  A shadow (D:11)
  9 wyverns
  A redback (Lair:6)
  2 tarantellas (shapeshifter) (Vaults:3)
  4 wraiths
  36 yaks
  16 water elementals
  A hog (shapeshifter) (D:13)
  3 basilisks
  2 vampire mosquitoes (D:14)
  5 hungry ghosts
  Menkaure (D:6)
  7 wargs
  A soldier ant (D:13)
  46 nagas
  Duvessa (D:6)
  17 water moccasins
  15 porcupines
  6 ice beasts
  59 orc warriors
  2 black bears
  4 sky beasts
  An eye of draining (D:15)
  A phantom (D:5)
  11 wolves
  15 centaurs
  A necrophage (D:9)
  30 ogres
  14 crocodiles
  4 big kobolds
  A big kobold (shapeshifter) (Vaults:3)
  15 bullfrogs
  3 wyvern zombies
  Dowan (D:6)
  A water moccasin skeleton (D:8)
  A wyvern skeleton (D:13)
  4 scorpions
  An orc simulacrum (Vaults:1)
  18 killer bees
  6 howler monkeys
  4 wights (D:8)
  15 electric eels
  4 crimson imps
  12 hounds
  3 bullfrog zombies
  6 jellies
  28 orc priests
  30 orc wizards
  3 bullfrog skeletons
  3 iguanas
  8 worker ants
  A hound zombie (D:9)
  6 mummies (Depths:2)
  2 howler monkey zombies
  4 gnolls
  13 adders
  4 shadow imps
  4 oozes
  5 adder zombies
  2 worms
  3 dart slugs
  3 leopard geckos
  120 orcs
  3 giant cockroaches
  10 goblins
  7 hobgoblins
  12 jackals
  15 kobolds
  3 quokkas
  6 bats
  2 frilled lizards
  A leopard gecko skeleton (D:6)
  A quokka skeleton (D:6)
  7 rats
  A bush (Lair:6)
  5 fungi
  14 plants
1511 creatures vanquished.

Vanquished Creatures (collateral kills)
  7 killer bees (D:9)
7 creatures vanquished.

Vanquished Creatures (others)
  A centaur warrior (Vaults:4)
  A naga sharpshooter (Snake:4)
  A shock serpent (Snake:4)
  A salamander (Snake:1)
  3 yaktaurs
  An ogre (Depths:3)
  2 killer bees (D:9)
  An orc (Orc:2)
  A bush (Lair:6)
  63 fungi
  68 plants
143 creatures vanquished.

Grand Total: 1661 creatures vanquished

Notes
Turn   | Place    | Note
-------+----------+-------------------------------------------
     0 | D:1      | Treefire the Deep Elf Fire Elementalist began the quest for the Orb.
     0 | D:1      | Reached XP level 1. HP: 10/10 MP: 6/6
   188 | D:1      | Reached XP level 2. HP: 15/15 MP: 5/8
   232 | D:1      | Learned a level 2 spell: Throw Flame
   763 | D:1      | Reached XP level 3. HP: 19/19 MP: 5/9
  1055 | D:1      | You fall through a shaft!
  1303 | D:1      | Found a glowing golden altar of the Shining One.
  1305 | D:1      | Reached XP level 4. HP: 24/24 MP: 8/11
  1654 | D:2      | Found an iron altar of Okawaru.
  2070 | D:1      | Learned a level 3 spell: Conjure Flame
  2075 | D:1      | Learned a level 4 spell: Sticky Flame
  2144 | D:2      | Reached skill level 4 in Spellcasting
  2249 | D:2      | Reached XP level 5. HP: 26/28 MP: 8/13
  2833 | D:3      | Found an opulent altar of Gozag.
  3379 | D:3      | Found a sparkling altar of Nemelex Xobeh.
  3379 | D:3      | Found a shadowy altar of Dithmenos.
  3379 | D:3      | Found a sacrificial altar of Ru.
  3381 | D:3      | Found a radiant altar of Vehumet.
  3405 | D:3      | Became a worshipper of Vehumet
  3556 | D:4      | Noticed an ogre
  3565 | D:4      | Killed an ogre
  3565 | D:4      | Reached XP level 6. HP: 32/32 MP: 2/15
  4114 | D:4      | Reached skill level 5 in Spellcasting
  4114 | D:4      | Reached skill level 5 in Conjurations
  4154 | D:4      | Found a snail-covered altar of Cheibriados.
  4168 | D:4      | Found Umnuny's Jewellery Emporium.
  4210 | D:4      | Reached skill level 5 in Fire Magic
  4917 | D:4      | Found a shimmering altar of Xom.
  4961 | D:5      | Entered Level 5 of the Dungeon
  5060 | D:5      | Reached XP level 7. HP: 36/36 MP: 11/17
  5275 | D:5      | Found a runed door.
  5275 | D:5      | Noticed Aviak's ghost (amateur HOFi)
  5372 | D:5      | Found a staircase to the Ecumenical Temple.
  5641 | D:5      | Found a blossoming altar of Fedhas.
  5892 | D:6      | Reached skill level 6 in Spellcasting
  5894 | D:6      | Reached * piety under Vehumet
  5894 | D:6      | Offered knowledge of Sting by Vehumet.
  5894 | D:6      | Reached skill level 1 in Fighting
  6017 | D:6      | Noticed Duvessa
  6022 | D:6      | Noticed Dowan
  6244 | D:6      | Learned a level 5 spell: Fireball
  6254 | D:6      | Noticed Sigmund
  6284 | D:6      | Killed Duvessa
  6284 | D:6      | Reached XP level 8. HP: 40/43 MP: 11/19
  6426 | D:6      | Noticed Menkaure
  6793 | D:6      | Killed Menkaure
  7055 | D:6      | Killed Sigmund
  7135 | D:6      | Killed Dowan
  7309 | D:6      | Reached skill level 7 in Spellcasting
  8000 | D:7      | Reached skill level 5 in Dodging
  8000 | D:7      | Reached XP level 9. HP: 49/49 MP: 20/22
  8253 | D:7      | Found a burning altar of Makhleb.
  8913 | D:8      | Reached ** piety under Vehumet
  8913 | D:8      | Offered knowledge of Freeze by Vehumet.
  9110 | D:8      | Reached skill level 8 in Spellcasting
  9135 | D:8      | Found a shattered altar of Ashenzari.
  9216 | D:8      | Learned a level 3 spell: Dazzling Spray
  9220 | D:8      | Learned a level 3 spell: Inner Flame
  9374 | D:8      | Noticed a two-headed ogre
  9408 | D:8      | Killed a two-headed ogre
  9430 | D:8      | Reached XP level 10. HP: 56/56 MP: 16/24
  9927 | D:9      | Reached skill level 10 in Conjurations
 10232 | D:9      | Reached skill level 9 in Spellcasting
 10303 | D:9      | Offered knowledge of Mephitic Cloud by Vehumet.
 10314 | D:9      | Learned a level 3 spell: Mephitic Cloud
 10402 | D:9      | Found Foteid's Antique Weapon Shoppe.
 10449 | D:9      | Bought a runed longbow for 225 gold pieces
 10486 | D:9      | Found a staircase to the Lair.
 10688 | D:9      | Found a bloodstained altar of Trog.
 10844 | D:9      | Reached *** piety under Vehumet
 10921 | D:9      | Offered knowledge of Stone Arrow by Vehumet.
 11632 | D:9      | Found an ornate altar of the Wu Jian Council.
 11809 | D:10     | Entered Level 10 of the Dungeon
 12809 | Lair:1   | Entered Level 1 of the Lair of Beasts
 12841 | Lair:1   | Reached skill level 5 in Fighting
 12848 | Lair:1   | Reached XP level 11. HP: 63/63 MP: 17/26
 13074 | Lair:1   | Noticed a five-headed hydra
 13079 | Lair:1   | Killed a five-headed hydra
 13079 | Lair:1   | Reached skill level 10 in Spellcasting
 14362 | Lair:2   | Found a runed door.
 14488 | Lair:2   | Noticed a four-headed hydra
 14495 | Lair:2   | Killed a four-headed hydra
 14501 | Lair:2   | Reached **** piety under Vehumet
 14706 | Lair:2   | Noticed Depyiwoq's ghost (journeyman TrEE)
 15345 | Lair:2   | Found a staircase to the Snake Pit.
 15965 | Lair:2   | Reached skill level 11 in Spellcasting
 16343 | Lair:3   | Reached XP level 12. HP: 64/70 MP: 29/29
 16839 | Lair:3   | Reached skill level 10 in Fire Magic
 16975 | Lair:3   | Offered knowledge of Lee's Rapid Deconstruction by Vehumet.
 17844 | Lair:4   | Found a staircase to the Shoals.
 18301 | Lair:4   | Reached skill level 10 in Dodging
 18301 | Lair:4   | Noticed Nergalle
 18320 | Lair:3   | Killed Nergalle
 18326 | Lair:3   | Got a distressingly furry robe
 18337 | Lair:3   | Identified the +1 robe of the True Pharaoh {MR+} (You took it off Nergalle on level 3 of the Lair of Beasts)
 19225 | Lair:5   | Noticed a four-headed hydra
 19231 | Lair:5   | Killed a four-headed hydra
 19231 | Lair:5   | Reached skill level 12 in Spellcasting
 19595 | Lair:5   | Noticed a death yak
 19596 | Lair:5   | Noticed a death yak
 19597 | Lair:5   | Noticed a death yak
 19656 | Lair:5   | Noticed a death yak
 19931 | Lair:5   | Noticed a five-headed hydra
 19932 | Lair:5   | Noticed a six-headed hydra
 19954 | Lair:5   | Reached XP level 13. HP: 46/76 MP: 20/31
 20404 | Lair:5   | Reached ***** piety under Vehumet
 20675 | Lair:5   | Found a viscous altar of Jiyva.
 20682 | Lair:5   | Found a staircase to the Slime Pits.
 21088 | Lair:5   | Offered knowledge of Irradiate by Vehumet.
 21542 | Lair:6   | Entered Level 6 of the Lair of Beasts
 22550 | Lair:5   | Reached skill level 13 in Spellcasting
 22550 | Lair:5   | Reached skill level 15 in Conjurations
 23605 | Lair:6   | Reached XP level 14. HP: 84/84 MP: 33/33
 23967 | Lair:6   | Reached skill level 1 in Armour
 24533 | Lair:6   | Found a snail-covered altar of Cheibriados.
 24641 | Lair:6   | HP: 3/84 [cloud of flame (17)]
 25614 | D:11     | Offered knowledge of Spellforged Servitor by Vehumet.
 25645 | D:11     | Learned a level 7 spell: Spellforged Servitor
 25918 | D:11     | Noticed Harold
 25925 | D:11     | Killed Harold
 26321 | D:11     | Found a staircase to the Orcish Mines.
 26397 | D:11     | Learned a level 1 spell: Apportation
 26400 | D:11     | Learned a level 1 spell: Confusing Touch
 26408 | Orc:1    | Entered Level 1 of the Orcish Mines
 27931 | D:13     | Noticed melvinkitnick's ghost (journeyman MiFi)
 27967 | D:13     | Found a transporter.
 28545 | D:13     | Found a transporter.
 28594 | D:13     | Found a gate to the Vaults.
 28605 | D:13     | Reached skill level 1 in Hexes
 29439 | D:14     | Upgraded the game from 0.22-a0-776-ge6d7efa to 0.22-a0-782-g038298e
 30028 | D:14     | Offered knowledge of Bolt of Fire by Vehumet.
 30037 | D:14     | Learned a level 6 spell: Bolt of Fire
 30709 | D:15     | Entered Level 15 of the Dungeon
 30894 | D:15     | Noticed Louise
 30913 | D:15     | Killed Louise
 30923 | D:15     | Reached skill level 5 in Armour
 31169 | D:15     | Reached XP level 15. HP: 63/92 MP: 24/34
 31509 | D:15     | Found a staircase to the Depths.
 31525 | D:15     | Reached skill level 5 in Hexes
 32882 | Orc:1    | Reached skill level 10 in Fighting
 32993 | Orc:1    | Found a bloodstained altar of Trog.
 33210 | Orc:2    | Entered Level 2 of the Orcish Mines
 33612 | Orc:2    | Offered knowledge of Poison Arrow by Vehumet.
 33713 | Orc:2    | Found a roughly hewn altar of Beogh.
 33751 | Orc:2    | Found a roughly hewn altar of Beogh.
 33838 | Orc:2    | Found a staircase to the Elven Halls.
 34047 | Orc:2    | Found a roughly hewn altar of Beogh.
 34482 | Orc:2    | Found a roughly hewn altar of Beogh.
 34521 | Orc:2    | Noticed an orc warlord
 35047 | Orc:2    | Killed an orc warlord
 35213 | Orc:2    | Noticed Saint Roka
 36199 | Shoals:1 | Entered Level 1 of the Shoals
 36550 | Shoals:1 | Found Esimohas's Assorted Antiques.
 36558 | Shoals:1 | Bought an ancient cloak for 228 gold pieces
 36568 | Shoals:1 | Identified the cursed +0 cloak of Gallantry {rCorr Str+3 Int-3 Dex+3} (You bought it in a shop on level 1 of the Shoals)
 36568 | Shoals:1 | Bought a hardcover book for 360 gold pieces
 36718 | Shoals:1 | Reached ****** piety under Vehumet
 36876 | Shoals:1 | Learned a level 7 spell: Orb of Destruction
 37081 | Shoals:1 | Reached skill level 14 in Spellcasting
 38189 | Shoals:2 | Noticed Polyphemus
 38217 | Shoals:2 | Killed Polyphemus
 39041 | Shoals:2 | Learned a level 4 spell: Passage of Golubria
 39397 | Shoals:3 | Reached skill level 1 in Translocations
 39960 | Shoals:3 | Got a slimy buckler
 39974 | Shoals:3 | Identified the +0 buckler "Urghiotso" {MR+} (You took it off a merfolk on level 3 of the Shoals)
 39998 | Shoals:3 | Noticed Jorgrun
 40078 | Shoals:3 | Killed Jorgrun
 40078 | Shoals:3 | Reached XP level 16. HP: 87/99 MP: 12/36
 40396 | Shoals:3 | Learned a level 2 spell: Swiftness
 40497 | Shoals:3 | Reached skill level 1 in Shields
 40895 | Shoals:4 | Entered Level 4 of the Shoals
 40919 | Shoals:4 | Found Hazutokk's Antique Armour Shop.
 41484 | Shoals:4 | Offered knowledge of Conjure Ball Lightning by Vehumet.
 41786 | Shoals:4 | Reached skill level 15 in Spellcasting
 44282 | Shoals:4 | Reached skill level 5 in Translocations
 44697 | Shoals:4 | Bought a sheer robe for 210 gold pieces
 44707 | Shoals:4 | Identified the cursed +1 robe of Fashionability {rF- MR++} (You bought it in a shop on level 4 of the Shoals)
 44707 | Shoals:4 | Bought a spiked ring mail for 333 gold pieces
 45088 | Shoals:4 | Identified the +3 ring mail of the Wasteland {rC+} (You bought it in a shop on level 4 of the Shoals)
 45970 | Shoals:4 | Got a barnacled rune of Zot
 46082 | Shoals:4 | Identified Sif Muna's Collected Works on Beguiling and Arcane Weapons
 47117 | Orc:2    | Killed Saint Roka
 47872 | Orc:2    | Offered knowledge of Ozocubu's Refrigeration by Vehumet.
 48098 | Orc:2    | Found Muwket's Antique Armour Boutique.
 48099 | Orc:2    | Found a roughly hewn altar of Beogh.
 48101 | Orc:2    | Found Haggoleg's Antique Weapon Shop.
 48115 | Orc:2    | Bought a translucent longbow for 228 gold pieces
 48122 | Orc:2    | Identified the +4 longbow of Oraepneini {speed, *Drain rPois Str+2 SInv} (You bought it in a shop on level 2 of the Orcish Mines)
 48123 | Orc:2    | Upgraded the game from 0.22-a0-782-g038298e to 0.22-a0-803-gd6d8abe
 48250 | Orc:2    | Found Kuprov's Antique Weapon Shop.
 48304 | Orc:2    | Found Qihuix's Food Shop.
 48404 | Orc:2    | Reached skill level 16 in Spellcasting
 48405 | Orc:2    | Found a gateway to a bazaar.
 48414 | Bazaar   | Entered a bazaar
 48414 | Bazaar   | Found Eghyos's Book Shoppe.
 48414 | Bazaar   | Found Voysy's General Store.
 48468 | Bazaar   | Found Ysug's Antique Weapon Emporium.
 48484 | Bazaar   | Found Lalehim's Antique Armour Shoppe.
 48535 | Bazaar   | Bought a scroll of teleportation for 24 gold pieces
 48552 | Bazaar   | Bought a shiny helmet for 247 gold pieces
 48702 | Orc:2    | Upgraded the game from 0.22-a0-803-gd6d8abe to 0.22-a0-815-gb582571
 48932 | Vaults:1 | Entered Level 1 of the Vaults
 49339 | Vaults:1 | Reached XP level 17. HP: 106/106 MP: 39/39
 49967 | Vaults:1 | Noticed Donald
 49975 | Vaults:1 | Killed Donald
 50415 | Vaults:1 | Offered knowledge of Bolt of Cold by Vehumet.
 50439 | Vaults:1 | Learned a level 6 spell: Iron Shot
 51238 | Vaults:1 | Reached skill level 17 in Spellcasting
 51359 | Vaults:1 | Reached skill level 1 in Charms
 51527 | Vaults:1 | Found Mapniot's Distillery.
 51531 | Vaults:1 | Bought a potion of cancellation for 152 gold pieces
 54196 | Vaults:2 | Reached skill level 15 in Dodging
 54898 | Vaults:2 | Reached XP level 18. HP: 113/113 MP: 41/41
 55364 | Vaults:2 | Reached skill level 18 in Spellcasting
 55709 | Vaults:2 | Found a staircase to the Crypt.
 55709 | Vaults:2 | Found an ancient bone altar of Kikubaaqudgha.
 55710 | Vaults:2 | Found a basalt altar of Yredelemnul.
 56555 | Vaults:2 | Offered knowledge of Lehudib's Crystal Spear by Vehumet.
 56555 | Vaults:2 | Offered knowledge of Fire Storm by Vehumet.
 56555 | Vaults:2 | Offered knowledge of Chain Lightning by Vehumet.
 57605 | Vaults:3 | Found a flickering gateway to a bazaar.
 57633 | Vaults:3 | Noticed a lich
 57694 | Bazaar   | Entered a bazaar
 57694 | Bazaar   | Found Fuschopteo's Distillery.
 57753 | Bazaar   | Found Ehushry's Antique Weapon Shop.
 57773 | Bazaar   | Found Hahal's Antique Armour Shop.
 57843 | Bazaar   | Bought a potion of haste for 120 gold pieces
 57843 | Bazaar   | Bought a potion of haste for 120 gold pieces
 57843 | Bazaar   | Bought 2 potions of heal wounds for 120 gold pieces
 57845 | Bazaar   | Bought a potion of heal wounds for 60 gold pieces
 57845 | Bazaar   | Bought a potion of heal wounds for 60 gold pieces
 57845 | Bazaar   | Bought a potion of curing for 36 gold pieces
 57845 | Bazaar   | Bought a potion of invisibility for 96 gold pieces
 57859 | Bazaar   | Bought a chain mail for 171 gold pieces
 57859 | Bazaar   | Bought a pair of glowing gloves for 285 gold pieces
 58693 | Vaults:3 | Paralysed by a great orb of eyes for 5 turns
 58702 | Vaults:3 | HP: 3/114 [shadow wraith (20)]
 58702 | Vaults:3 | HP: 1/114 [shadow wraith (2)]
 58927 | Vaults:3 | Reached skill level 19 in Spellcasting
 61816 | Vaults:4 | Reached XP level 19. HP: 119/119 MP: 29/44
 62373 | Vaults:4 | Reached skill level 20 in Spellcasting
 62583 | Vaults:4 | Identified the amulet "Jaitab" {Spirit rN+ Slay+2 Stlth-} (You took it off a yaktaur on level 4 of the Vaults)
 63746 | Snake:1  | Entered Level 1 of the Snake Pit
 64895 | Snake:1  | Found a sparkling altar of Nemelex Xobeh.
 65281 | Snake:1  | Learned a level 9 spell: Fire Storm
 68412 | Snake:4  | Entered Level 4 of the Snake Pit
 68600 | Snake:4  | Learned a level 4 spell: Cause Fear
 69209 | Snake:4  | Found a radiant altar of Vehumet.
 69216 | Snake:4  | Found Touwat's Jewellery Shop.
 69216 | Snake:4  | Found Xisot's Gadget Shoppe.
 69334 | Snake:4  | Found Opsyapah's Gadget Shoppe.
 70571 | Snake:4  | Reached XP level 20. HP: 127/127 MP: 43/46
 72311 | Snake:4  | Got a serpentine rune of Zot
 72960 | Shoals:4 | Upgraded the game from 0.22-a0-815-gb582571 to 0.22-a0-825-ga28c36f
 73313 | Depths:1 | Entered Level 1 of the Depths
 74562 | Depths:1 | Found a gateway to Hell.
 76083 | Depths:2 | Reached skill level 15 in Fighting
 76377 | Depths:2 | Found a one-way gate to the infinite horrors of the Abyss.
 76437 | Depths:2 | Noticed Sojobo
 77197 | Depths:2 | Killed Sojobo
 78506 | Depths:2 | Noticed a greater mummy
 78904 | Depths:2 | Killed a greater mummy
 78904 | Depths:2 | Reached XP level 21. HP: 38/135 MP: 5/47
 78906 | Depths:2 | Got a pitted tin amulet
 79207 | Depths:2 | Identified the amulet of Dim Light {+Rage Str+3 Int+2 Dex-2} (You took it off a greater mummy on level 2 of the Depths)
 79655 | Depths:3 | Paralysed by a floating eye for 4 turns
 79658 | Depths:3 | Mangled by an ettin

Vault maps used:
D:1:      evilmike_arrival_plus, serial_bayou_lagoon_a, tso_altar
D:2:      okawaru_altar_gauntlet_db
D:3:      nicolae_gozag_cash_rules_everything_around_me,
          chequers_temple_overflow_statue_of_worship
D:4:      kennysheep_slug_shrine, kennysheep_mini_moat, serial_shops, shop,
          first_ration, bh_chokoban
D:5:      fedhas_altar_3, minmay_temple_entry_overgrown,
          ebering_ghost_inner_flame
D:6:      uniq_duvessa, uniq_menkaure, uniq_sigmund
D:7:      makhleb_heckhound_becter
D:8:      nicolae_overflow_crystal_walls
D:9:      overflow_temple_1_default, overflow_temple_1_default,
          lair_entry_dummy, special_room, serial_shops,
          nicolae_shop_window_shopping
D:10:     grunt_tengu_nest, water_boxes_lemuel
D:11:     erik_orc_2, uniq_harold, uniq_maurice
D:13:     david_vaults_2, gammafunk_ghost_stat_death
D:14:     solitary_fountain
D:15:     grunt_enter_depths_magical_seal, hex_medium, uniq_louise
Lair:1:   beast_lair_carwin_4, grunt_megastairs_1, lemuel_fruit_tree
Lair:2:   guppyfry_snake_entry_garden, ebering_ghost_reflecting_pool,
          serial_bayou_pond_a
Lair:4:   minmay_shoals_entry_hut, uniq_nergalle
Lair:5:   slime_altar_1, infiniplex_staircase_pool, minmay_lair_oklob_chamber
Lair:6:   hangedman_lair_tendril_chambers, kennysheep_snail_temple,
          serial_bayou_shore_b
Shoals:1: nicolae_shoals_c_island
Shoals:2: uniq_polyphemus
Shoals:3: argonaut_golden_fleece, uniq_jorgrun
Shoals:4: shoals_end_grunt_ice, serial_shops, nicolae_shop_overgrown_old_shop
Snake:1:  basic_altar, nrook_guardian_serpent_ordinary
Snake:4:  snake_pit, basic_altar, minmay_shop_grove, basic_stair_grate_trap
Orc:1:    basic_altar
Orc:2:    grunt_orc_community_town_hall, grunt_orc_community_big_house_1,
          grunt_orc_community_big_house_1, grunt_orc_community_house_2,
          grunt_orc_community_house_3, grunt_orc_community_house_1,
          grunt_orc_community_house_3, serial_shops, statue_bzr, basic_altar,
          nicolae_orc_crystal_geode, uniq_saint_roka
Vaults:1: v_misc_30, hangedman_vaults_capsules,
          nicolae_vaults_network_periphery, v_alt_pattern_3,
          hangedman_vaults_pinch, vaults_dpeg_spiral, grunt_vaults_swirl,
          vaults_room_large_hall, v_misc_19, nicolae_vaults_network_star,
          ontoclasm_vaults_decontamination, nicolae_vaults_rhombus_5,
          serial_shops, shop, uniq_donald
Vaults:2: vaults_dpeg_encased_lava, v_pattern_5, vaults_dpeg_doors,
          hangedman_vaults_cutoff, hangedman_vaults_corner,
          nicolae_vaults_little_squares_3, minmay_crypt_entry_necro_gods,
          v_misc_18, hangedman_vaults_slice, nicolae_vaults_three_branches,
          ontoclasm_vaults_shuriken, v_misc_17
Vaults:3: nicolae_vaults_little_squares_1, nicolae_vaults_twisting_passages,
          hangedman_vaults_slice, nicolae_vaults_specimen_jars, v_misc_28,
          v_misc_18, vaults_mumra_hex, hangedman_vaults_stream,
          ontoclasm_vaults_idyll, grunt_vaults_bifocal, v_misc_19, serial_shops,
          bzr_entry_water
Vaults:4: serial_ice_b, nicolae_vaults_puzzle_piece, v_rooms_3, v_misc_8,
          nicolae_vaults_asterisk, nicolae_vaults_little_squares_3,
          nicolae_vaults_ring_of_whatevers, nicolae_vaults_display_case,
          v_misc_26, grunt_vaults_twisty, stair_cage_open, v_misc_3,
          mu_enter_wizlab_2
Depths:1: hell_entry, serial_co_window_serial, co_window_corner_a,
          co_window_paths_b, co_window_of_opportunity_a, co_window_paths_a,
          co_window_paths_b, co_window_of_opportunity_a, co_window_paths_a,
          co_window_corner_a, co_window_paths_a, co_window_broadway_c,
          co_window_unsneaky_path_e, co_window_unsneaky_path_c, glass_columns_a,
          st_stairs_4, minmay_misc_feat_room, spider_trap,
          minmay_misc_feat_enclosed
Depths:2: lemuel_minitomb, minmay_misc_feat_iff, hangedman_abyss_entry_splay,
          hell_entry, kennysheep_dice, serial_bayou_shore_b,
          basic_stair_grate_trap, uniq_sojobo
Depths:3: minmay_shrinking_squares, hell_entry, serial_shops, shop,
          rand_demon_pan_entry_3, nicolae_benzene_ring
Bazaar:   bazaar_minmay_row, bazaar_jpeg_cross

Skill      XL: |  1  2  3  4  5  6  7  8  9 10 11 12 13 14 15 16 17 18 19 20 |
---------------+-------------------------------------------------------------+-----
Conjurations   | 2 3 4 5 6 8 9 11 12 14 15 16 17 18 19 | 19.2
Fire Magic     | 4 5 6 7 8 9 10 11 12 14 | 14.2
Spellcasting   | 4 5 6 7 8 9 11 12 13 14 16 17 19 20 | 20.0
Dodging        | 3 5 6 7 9 10 11 12 13 14 15 16 17 18 | 18.5
Fighting       | 1 2 3 5 6 7 8 9 10 11 12 13 14 15 | 15.4
Armour         | 5 6 |  6.8
Hexes          | 4 5 |  5.5
Translocations | 2 6 8 |  8.0
Shields        | 3 4 |  4.0
Charms         | 4 |  4.0
Stealth        | |  2.4

Action                   |  1- 3 |  4- 6 |  7- 9 | 10-12 | 13-15 | 16-18 | 19-21 || total
-------------------------+-------+-------+-------+-------+-------+-------+-------++-------
Melee: Unarmed           |     7 |       |       |       |     7 |       |       ||    14
       Dagger            |    12 |     7 |    11 |    27 |    64 |       |       ||   121
       Demon trident     |       |       |       |       |     1 |     6 |       ||     7
       Staff             |       |       |       |       |       |     2 |     7 ||     9
 Fire: Longbow           |       |       |       |       |    46 |     9 |       ||    55
Throw: Stone             |     3 |       |       |       |     1 |     1 |       ||     5
       Javelin           |     1 |       |       |       |       |       |       ||     1
 Cast: Flame Tongue      |    41 |    98 |   195 |   408 |   764 |   276 |    77 ||  1859
       Throw Flame       |     9 |    38 |    35 |    72 |   123 |    54 |    11 ||   342
       Sticky Flame      |       |     2 |    11 |    53 |   120 |    76 |    36 ||   298
       Conjure Flame     |       |     2 |     9 |    13 |     7 |     3 |     1 ||    35
       Fireball          |       |       |     2 |    50 |   272 |   489 |   138 ||   951
       Mephitic Cloud    |       |       |       |    26 |    52 |     3 |       ||    81
       Dazzling Spray    |       |       |       |    32 |    30 |     3 |       ||    65
       Bolt of Fire      |       |       |       |       |    53 |   116 |   347 ||   516
       Confusing Touch   |       |       |       |       |     4 |       |       ||     4
       Inner Flame       |       |       |       |       |     8 |     2 |       ||    10
       Orb of Destructio |       |       |       |       |     6 |    26 |    12 ||    44
       Passage of Golubr |       |       |       |       |     2 |    34 |    10 ||    46
       Spellforged Servi |       |       |       |       |     1 |       |       ||     1
       Iron Shot         |       |       |       |       |       |    26 |    97 ||   123
       Swiftness         |       |       |       |       |       |     1 |     1 ||     2
       Cause Fear        |       |       |       |       |       |       |     6 ||     6
Evoke: Wand              |       |       |     2 |     2 |    13 |     6 |     5 ||    28
  Use: Scroll            |     2 |     1 |     6 |     6 |    18 |    13 |     8 ||    54
       Potion            |       |       |     1 |       |     3 |    10 |     3 ||    17
 Stab: Sleeping          |     1 |     2 |       |       |     2 |       |       ||     5
       Paralysed         |       |       |     3 |       |       |       |       ||     3
       Confused          |       |       |       |     3 |     1 |       |       ||     4
       Invisible         |       |       |       |     2 |     1 |       |       ||     3
       Distracted        |       |       |       |       |     1 |       |       ||     1
  Eat: Chunk             |       |    13 |    15 |    30 |    63 |    45 |    29 ||   195
       Ration            |       |       |       |     2 |     7 |    10 |     7 ||    26
Armor: Robe              |     6 |     3 |    11 |    51 |    90 |    22 |    35 ||   218
       Ring mail         |       |       |       |       |       |    67 |     2 ||    69
Dodge: Dodged            |    21 |    31 |    49 |   238 |   552 |   333 |   221 ||  1445
Block: Buckler           |       |       |       |       |       |    50 |   103 ||   153
       Other             |       |       |       |       |       |    36 |       ||    36
       Reflection        |       |       |       |       |       |    21 |    25 ||    46

Table legend:
 A = Spawn XP
 B = Non-spawn XP
 C = Spawn XP percentage of total XP
 D = Spawn monster count
 E = Non-spawn monster count
 F = Spawn count percentage of total count
 G = Total turns spent on level
                    A         B        C        D         E        F      G
               +---------+---------+-------+---------+---------+-------+---------
         Total |       0 |  590209 |   0.0 |       0 |    1508 |   0.0 | 79658
               +---------+---------+-------+---------+---------+-------+---------
           D:1 |       0 |      69 |   0.0 |       0 |      24 |   0.0 |  1818
           D:2 |       0 |     162 |   0.0 |       0 |      28 |   0.0 |   942
           D:3 |       0 |      64 |   0.0 |       0 |      14 |   0.0 |   794
           D:4 |       0 |     416 |   0.0 |       0 |      21 |   0.0 |  1439
           D:5 |       0 |     410 |   0.0 |       0 |      11 |   0.0 |  1404
           D:6 |       0 |    1178 |   0.0 |       0 |      25 |   0.0 |  1161
           D:7 |       0 |    1174 |   0.0 |       0 |      21 |   0.0 |  1349
           D:8 |       0 |    2620 |   0.0 |       0 |      20 |   0.0 |  1105
           D:9 |       0 |    3820 |   0.0 |       0 |      62 |   0.0 |  1902
          D:10 |       0 |     689 |   0.0 |       0 |       6 |   0.0 |  1020
          D:11 |       0 |    7606 |   0.0 |       0 |      59 |   0.0 |  1935
          D:12 |       0 |    3598 |   0.0 |       0 |      21 |   0.0 |   874
          D:13 |       0 |    7967 |   0.0 |       0 |      34 |   0.0 |  2208
          D:14 |       0 |   10012 |   0.0 |       0 |      34 |   0.0 |  1668
          D:15 |       0 |   16921 |   0.0 |       0 |      36 |   0.0 |  1947
        Lair:1 |       0 |    4986 |   0.0 |       0 |      24 |   0.0 |  2163
        Lair:2 |       0 |    7239 |   0.0 |       0 |      26 |   0.0 |  1962
        Lair:3 |       0 |    3057 |   0.0 |       0 |      11 |   0.0 |  1276
        Lair:4 |       0 |    8044 |   0.0 |       0 |      33 |   0.0 |  2125
        Lair:5 |       0 |   14056 |   0.0 |       0 |      34 |   0.0 |  2585
        Lair:6 |       0 |   22871 |   0.0 |       0 |      78 |   0.0 |  2985
      Shoals:1 |       0 |    9868 |   0.0 |       0 |      24 |   0.0 |  1916
      Shoals:2 |       0 |   12717 |   0.0 |       0 |      19 |   0.0 |  2242
      Shoals:3 |       0 |   19223 |   0.0 |       0 |      29 |   0.0 |  4087
      Shoals:4 |       0 |   34590 |   0.0 |       0 |      58 |   0.0 |  2571
       Snake:1 |       0 |   18028 |   0.0 |       0 |      34 |   0.0 |  1607
       Snake:2 |       0 |   10064 |   0.0 |       0 |      20 |   0.0 |  1984
       Snake:3 |       0 |   18938 |   0.0 |       0 |      39 |   0.0 |  1928
       Snake:4 |       0 |   59162 |   0.0 |       0 |      93 |   0.0 |  3348
         Orc:1 |       0 |    2030 |   0.0 |       0 |      28 |   0.0 |  2256
         Orc:2 |       0 |   17743 |   0.0 |       0 |     130 |   0.0 |  2623
      Vaults:1 |       0 |   53996 |   0.0 |       0 |      85 |   0.0 |  4534
      Vaults:2 |       0 |   51038 |   0.0 |       0 |      98 |   0.0 |  4232
      Vaults:3 |       0 |   43831 |   0.0 |       0 |      69 |   0.0 |  2704
      Vaults:4 |       0 |   37225 |   0.0 |       0 |      61 |   0.0 |  2565
      Depths:1 |       0 |   24148 |   0.0 |       0 |      29 |   0.0 |  2197
      Depths:2 |       0 |   57020 |   0.0 |       0 |      66 |   0.0 |  3808
      Depths:3 |       0 |    3629 |   0.0 |       0 |       4 |   0.0 |    14
               +---------+---------+-------+---------+---------+-------+---------
